 Dungeon Crawl Stone Soup version 0.26.1-11-gd32895ea62 (webtiles) character file.

Game seed: 9559456261221297551

618 Almogavar the Covert (level 7, 0/37 HPs)
             Began as a Kobold Conjurer on July 13, 2021.
             Slain by Duvessa
             ... wielding a cursed -2 short sword
              (9 damage)
             ... on level 5 of the Dungeon.
             The game lasted 00:13:59 (4471 turns).

Almogavar the Covert (Kobold Conjurer)              Turns: 4471, Time: 00:14:00

Health: 0/37       AC:  3    Str:  5    XL:     7   Next: 74%
Magic:  3/11       EV: 15    Int: 21    God:
Gold:   286        SH:  0    Dex: 13    Spells: 9/12 levels left

rFire    + . .     SeeInvis .   s - +1 dagger (protect)
rCold    x . .     Faith    .   (shield restricted)
rNeg     . . .     Spirit   .   a - +0 robe
rPois    +         Reflect  .   (no helmet)
rElec    .         Harm     .   (no cloak)
rCorr    .         Rampage  .   b - +0 pair of gloves
Will     .....                  (no boots)
Stlth    +++++.....             (no amulet)
HPRegen  0.12/turn              g - ring of poison resistance
MPRegen  0.12/turn              v - ring of fire

@: no status effects
A: small, nightstalker 3
a: no special abilities


You were on level 5 of the Dungeon.
You visited 1 branch of the dungeon, and saw 5 of its levels.

You collected 286 gold pieces.

Inventory:

Hand Weapons
 s - a +1 dagger of protection (weapon)
Armour
 a - a +0 robe (worn)
 b - a +0 pair of gloves (worn)
 k - a +0 buckler
 l - a +0 leather armour
Jewellery
 g - a ring of poison resistance (left hand)
 q - a +6 ring of strength
 v - a ring of fire (right hand)
Wands
 j - a wand of flame (22)
Scrolls
 c - 2 scrolls of teleportation
 d - 2 scrolls of enchant weapon
 f - 3 scrolls of remove curse
 n - a scroll of blinking {unknown}
 u - a scroll of fear {unknown}
Potions
 e - a potion of flight
 h - 4 potions of curing
 i - 2 potions of brilliance
 m - a potion of magic
 o - a potion of heal wounds {unknown}
 p - a potion of haste {unknown}
 r - a potion of ambrosia {unknown}
 t - a potion of might {unknown}


   Skills:
 + Level 0.9 Fighting
 + Level 3.3 Short Blades
 + Level 3.1 Dodging
 + Level 8.5 Stealth
 + Level 3.2 Spellcasting
 + Level 5.1 Conjurations


You had 9 spell levels left.
You knew the following spells:

 Your Spells              Type           Power        Failure   Level
a - Magic Dart            Conj           100%         1%          1
b - Searing Ray           Conj           50%          2%          2

Your spell library contained the following spells:

 Spells                   Type           Power        Failure   Level
 Beastly Appendage        Tmut           6%           13%         1
 Dazzling Flash           Conj/Hex       28%          14%         3
 Wereblood                Tmut           3%           21%         2
 Confusing Touch          Hex            3%           36%         3
 Gell's Gravitas          Tloc           1%           36%         3
 Spider Form              Tmut/Pois      1%           36%         3
 Fulminant Prism          Conj/Hex       7%           41%         4
 Iskenderun's Mystic Bla  Conj/Tloc      14%          41%         4
 Ice Form                 Ice/Tmut       3%           78%         4
 Petrify                  Tmut/Erth      3%           78%         4
 Blade Hands              Tmut           1%           98%         5
 Metabolic Englaciation   Hex/Ice        1%           98%         5
 Yara's Violent Unravell  Hex/Tmut       1%           98%         5


Dungeon Overview and Level Annotations

Branches:
Dungeon (5/15)
 Temple: D:4-7

Altars:
Elyvilon
Trog
Yredelemnul
Zin
The Shining One

Annotations:
D:5 Duvessa


Innate Abilities, Weirdness & Mutations

You are small and have problems with some larger weapons.
You are completely attuned to the shadows.


Message History

Press: ? - help, Shift-Dir - straight line, f/p - Duvessa
Aim: Duvessa, wielding a -2 short sword and wearing a +0 scale mail (moderately wounded, berserk, 15% to evade)
The searing ray hits Duvessa!
Duvessa is heavily wounded. (Press . to maintain the ray.) Duvessa misses you.
The searing ray hits Duvessa!
Duvessa is severely wounded.
Duvessa hits you with a cursed -2 short sword.
* * * LOW HITPOINT WARNING * * *
Duvessa misses you.
The searing ray hits Duvessa!
Duvessa is severely wounded.
Duvessa hits you with a cursed -2 short sword.
* * * LOW HITPOINT WARNING * * *
You feel better. Duvessa closely misses you.
Duvessa hits you but does no damage. Duvessa misses you.
Duvessa hits you with a cursed -2 short sword!
You die...

##
...########
...)..#...
##.##...# #
#...#
#...###+
#..e###_
#.#@###+
#.#.#
###...###
..........
#.###.#.#..
#.###.#.(..
#.##..#.##
#.##.##
#<##.##.#


You could see Duvessa (berserk).

Vanquished Creatures
  Eustachio (D:4)
  Dowan (D:5)
  A gnoll shaman (D:4)
  3 hounds (D:4)
  An orc wizard (D:4)
  2 iguanas (D:4)
  2 worker ants (D:4)
  6 gnolls
  4 adders
  An adder skeleton (D:5)
  A worm (D:4)
  2 dart slugs (D:1)
  3 leopard geckos
  7 orcs
  5 giant cockroaches
  9 goblins
  8 hobgoblins
  3 jackals (D:1)
  7 kobolds
  A quokka (D:2)
  4 bats
  2 frilled lizards
  3 rats (D:1)
  A spectral orc (D:2)
78 creatures vanquished.

Vanquished Creatures (others)
  A quokka (D:4)
1 creature vanquished.

Grand Total: 79 creatures vanquished

Notes
Turn   | Place    | Note
-------+----------+-------------------------------------------
     0 | D:1      | Almogavar the Kobold Conjurer began the quest for the Orb.
     0 | D:1      | Reached XP level 1. HP: 10/10 MP: 3/3
   181 | D:1      | Reached XP level 2. HP: 11/15 MP: 0/5
   262 | D:1      | Learned a level 2 spell: Searing Ray
   322 | D:1      | Reached skill level 3 in Stealth
   791 | D:1      | Reached XP level 3. HP: 19/19 MP: 4/6
  1267 | D:2      | Found a bloodstained altar of Trog.
  1475 | D:2      | Reached XP level 4. HP: 24/24 MP: 2/7
  1861 | D:2      | Found a basalt altar of Yredelemnul.
  2520 | D:3      | Reached skill level 1 in Short Blades
  2520 | D:3      | Reached skill level 4 in Stealth
  2777 | D:3      | Reached XP level 5. HP: 28/28 MP: 3/9
  3209 | D:4      | Reached skill level 5 in Stealth
  3285 | D:4      | Found a glowing golden altar of the Shining One.
  3396 | D:4      | Found a white marble altar of Elyvilon.
  3560 | D:4      | Reached XP level 6. HP: 32/32 MP: 2/10
  3674 | D:4      | Reached skill level 6 in Stealth
  3674 | D:4      | Reached skill level 5 in Conjurations
  3693 | D:4      | Noticed Eustachio
  3700 | D:4      | Killed Eustachio
  3701 | D:4      | Reached skill level 7 in Stealth
  3701 | D:4      | Reached XP level 7. HP: 37/37 MP: 6/11
  4116 | D:4      | Reached skill level 8 in Stealth
  4411 | D:5      | Entered Level 5 of the Dungeon
  4450 | D:5      | Found a glowing silver altar of Zin.
  4452 | D:5      | Noticed Dowan
  4456 | D:5      | Noticed Duvessa
  4458 | D:5      | Killed Dowan
  4465 | D:5      | HP: 1/37 [Duvessa/cursed -2 short sword (6)]
  4471 | D:5      | Slain by Duvessa

Illustrated notes

Levels and vault maps discovered:
D:1:      zelgadis_glass_arrival_small, layout_loops_cross, st_stairs_13
D:2:      layout_loops_ring, nicolae_overflow_crystal_walls,
          yredelemnul_forgotten_temple_becter, guppyfry_early_orc_mine
D:3:      layout_loops_cross
D:4:      layout_basic, kennysheep_mini, grunt_decor_cap, elyvilon_altar_4,
          uniq_eustachio
D:5:      layout_loops_cross, lemuel_round_altar, vehumet_altar_wand_db,
          lemuel_doored_altar, old_standard_altar, serial_park_tiny_pond,
          hangedman_decor_push, uniq_duvessa, uniq_menkaure,
          uniq_crazy_yiuf_cottage, uniq_sigmund

Skill      XL: |  1  2  3  4  5  6  7 |
---------------+----------------------+-----
Stealth        | 3 4 5 7 8 |  8.5
Short Blades   | 1 2 3 |  3.3
Conjurations   | 5 |  5.1
Dodging        | 3 |  3.1
Spellcasting   | 3 |  3.2
Fighting       | |  0.9

Action                   |  1- 3 |  4- 6 |  7- 9 || total
-------------------------+-------+-------+-------++-------
Melee: Dagger            |    35 |    23 |     5 ||    63
 Cast: Magic Dart        |    15 |       |     2 ||    17
       Searing Ray       |    13 |    18 |     9 ||    40
  Use: Scroll            |       |     6 |     1 ||     7
       Potion            |       |       |     1 ||     1
 Stab: Sleeping          |     8 |    16 |     4 ||    28
Armor: Robe              |     3 |     1 |     2 ||     6
Dodge: Dodged            |    30 |    16 |    13 ||    59
